 Dungeon Crawl Stone Soup version 0.18-a0-1071-g9f02aef (webtiles) character file.

1843 MrRokkomies the Skirmisher (level 9, -2/64 HPs)
             Began as an Octopode Conjurer on Jan 14, 2016.
             Was an Elder of Cheibriados.
             Killed by divine providence
             ... invoked by an orc priest
              (14 damage)
             ... on level 6 of the Dungeon.
             The game lasted 00:23:07 (7631 turns).

MrRokkomies the Skirmisher (Octopode Conjurer)      Turns: 7631, Time: 00:23:07

Health: -2/64      AC:  1    Str: 17    XL:     9   Next: 12%
Magic:  15/21      EV: 18    Int: 29    God:    Cheibriados [****..]
Gold:   79         SH:  0    Dex: 21    Spells: 4 memorised, 2 levels left

rFire  . . .     SeeInvis .     a - +0 dagger (elec)
rCold  + + .     Gourm    .     (no shield)
rNeg   + . .     Faith    .     (helmet restricted)
rPois  .         Spirit   .     C - amulet of Nirhus {MPRegen rC+ rN+ MR- MP+9}
rElec  .         Dismiss  .     g - ring of wizardry
rCorr  .         Reflect  .     f - ring of protection from cold
SustAt .         Harm     .     (no ring)
MR     .....                    (no ring)
Stlth  ++++......               (no ring)
                                (no ring)
                                (no ring)
                                (no ring)

@: very slow, not resistant to hostile enchantments, stealthy
A: almost no armour, amphibious, 8 rings, constrict 8, camouflage 1, gelatinous
body 1
a: Bend Time, Temporal Distortion, Slouch, Renounce Religion


You were on level 6 of the Dungeon.
You worshipped Cheibriados.
Cheibriados was greatly pleased with you.
You were hungry.

You visited 1 branch of the dungeon, and saw 6 of its levels.
You also visited: Sewer and Ossuary.

You collected 651 gold pieces.
You spent 572 gold pieces at shops.

Inventory:

Hand Weapons
 a - a +0 dagger of electrocution (weapon)
Missiles
 d - 2 throwing nets
 r - 4 javelins (quivered)
Magical Staves
 u - an uncursed staff of cold
Jewellery
 f - a ring of protection from cold (right tentacle)
 g - a ring of wizardry (left tentacle)
 v - the amulet "Zebek" {Faith +Blink rPois Int-2 SInv, unknown}
   (You found it on level 6 of the Dungeon)

   [amulet of faith]

   It allows you to gain divine favour quickly.
   It affects your intelligence (-2).
   It protects you from poison.
   It lets you see invisible.
   It lets you blink.
 C - the amulet of Nirhus (around mantle) {MPRegen rC+ rN+ MR- MP+9}
   (You bought it in a shop on level 5 of the Dungeon)

   [amulet of magic regeneration]

   It increases your magic regeneration.
   It protects you from cold.
   It protects you from negative energy.
   It affects your resistance to hostile enchantments.
   It affects your magic capacity (+9).
Wands
 j - a wand of frost (12/48)
 w - a wand of confusion (25/48)
 B - a wand of magic darts (7/48)
Scrolls
 e - a scroll of remove curse
 i - 2 scrolls of teleportation
 l - a scroll of blinking
 o - a scroll of amnesia
Potions
 h - a potion of cancellation
 n - a potion of berserk rage
 q - a potion of flight {unknown}
 s - 2 potions of agility {unknown}
 t - a potion of mutation
 z - a potion of ambrosia {unknown}
 A - a potion of might {unknown}
Books
 m - a book of Conjurations

   Spells                             Type                      Level
   a - Magic Dart                     Conjuration                  1
   b - Searing Ray                    Conjuration                  2
   c - Dazzling Spray                 Conjuration/Hexes            3
   d - Fulminant Prism                Conjuration/Hexes            4
   e - Iskenderun's Mystic Blast      Conjuration                  4
   f - Iskenderun's Battlesphere      Conjuration/Charms           5
 y - a book of Spatial Translocations

   Spells                             Type                      Level
   a - Apportation                    Translocation                1
   b - Blink                          Translocation                2
   c - Shroud of Golubria             Charms/Translocation         2
   d - Portal Projectile              Translocation                3
   e - Teleport Other                 Translocation                3
   f - Passage of Golubria            Translocation                4
Comestibles
 b - 4 bread rations
 c - 2 meat rations
 k - 2 slices of pizza
 p - 2 beef jerkies
 D - 3 fruits


   Skills:
 - Level 7.5 Fighting
 * Level 7.1 Dodging
 - Level 4.2 Stealth
 - Level 2.0 Spellcasting
 - Level 6.0 Conjurations
 * Level 1.4 Invocations


You had 2 spell levels left.
You knew the following spells:

 Your Spells              Type           Power        Failure   Level  Hunger
a - Magic Dart            Conj           ####         1%          1    None
b - Searing Ray           Conj           #####.       1%          2    ##.....
c - Dazzling Spray        Conj/Hex       ###.....     4%          3    ###....
d - Fulminant Prism       Conj/Hex       ###.......   10%         4    ####...


Dungeon Overview and Level Annotations

Branches:
Dungeon (6/15)             Temple (0/1) D:6

Altars:
Cheibriados
Dithmenos
Okawaru
Ru
Sif Muna
Xom
Yredelemnul

Shops:
D:5 ((}=   D:6 *


Innate Abilities, Weirdness & Mutations

You cannot wear most types of armour.
You are amphibious.
You can wear up to eight rings at the same time.
You can use your tentacles to constrict eight enemies at once.
Your skin changes colour to match your surroundings (Stealth).
Your rubbery body absorbs attacks (AC +1).


Message History

The orc wizard misses you. The orc hits you but does no damage.
Casting: Fulminant Prism
Confirm with . or Enter, or press ? or * to list all spells.
Aiming: Fulminant Prism
Press: ? - help, Dir - move target cursor You conjure a prism of explosive energy!
The orc wizard gestures at you while chanting.
The magic dart hits you! The orc completely misses you.
The orc priest calls down the wrath of Beogh upon you.
Something smites you!
* * * LOW HITPOINT WARNING * * *
You closely miss the orc wizard. You grab the orc wizard.
You squeeze the orc wizard.
The orc wizard is severely wounded.
You constrict the orc wizard, but do no damage.
The orc wizard gestures wildly while chanting.
The orc wizard seems to speed up.
The orc priest mumbles some strange prayers to Beogh against you.
Something smites you!
You die...

#..#.....#.....#...
#.(#.....#zz...#.o.
#..################
#..................
#..)...............
#.)################
#..#.....#..ooo#
#..#.....#...o.#
#o@#..#..#..#.s#
#o.#..#..#oO#..#
#..o..#.....#...
#..*..#.... #...
####### # . #


You could see an orc priest, an orc wizard, an orc and a friendly fulminant
prism.

Vanquished Creatures
  Eustachio (D:4)
  Duvessa (D:4)
  Purgy (Sewer)
  2 orc warriors (D:6)
  A phantom (D:4)
  2 ogres
  2 centaurs (D:6)
  An elf zombie (Ossuary)
  3 scorpions (D:6)
  Dowan (D:4)
  A crimson imp (D:5)
  2 hounds (D:6)
  4 orc priests
  A human zombie (Ossuary)
  2 iguanas
  Ijyb (D:3)
  An orc wizard (D:6)
  3 worker ants
  2 mummies (Ossuary)
  3 gnolls (D:3)
  7 adders
  A river rat (D:3)
  2 adder skeletons
  6 giant geckos
  10 orcs
  9 giant cockroaches
  2 gnoll zombies (Ossuary)
  A goblin (D:3)
  8 hobgoblins
  8 jackals
  A quokka (D:5)
  3 ball pythons
  2 bats (D:2)
  A giant gecko zombie (D:5)
  7 giant newts
  2 goblin zombies (Ossuary)
  6 hobgoblin zombies (Ossuary)
  A jackal skeleton (D:6)
  11 kobolds
  2 orc zombies (Ossuary)
  12 rats
137 creatures vanquished.

Vanquished Creatures (others)
  9 fulminant prisms
9 creatures vanquished.

Grand Total: 146 creatures vanquished

Notes
Turn   | Place    | Note
--------------------------------------------------------------
     0 | D:1      | MrRokkomies the Octopode Conjurer began the quest for the Orb.
     0 | D:1      | Reached XP level 1. HP: 11/11 MP: 3/3
   784 | D:1      | Reached XP level 2. HP: 15/17 MP: 1/5
  1017 | D:1      | Learned a level 2 spell: Searing Ray
  1340 | D:2      | Reached XP level 3. HP: 18/21 MP: 1/6
  1400 | D:2      | Found an iron altar of Okawaru.
  1686 | D:2      | Found a deep blue altar of Sif Muna.
  1725 | D:2      | Found a snail-covered altar of Cheibriados.
  2123 | D:2      | Became a worshipper of Cheibriados the Contemplative
  2216 | D:3      | Learned a level 3 spell: Dazzling Spray
  2249 | D:3      | Reached XP level 4. HP: 23/27 MP: 7/7
  2260 | D:3      | Found a glowing drain.
  2262 | D:3      | Reached skill level 5 in Conjurations
  2268 | Sewer    | Entered a sewer
  2285 | Sewer    | Reached * piety under Cheibriados
  2506 | Sewer    | Noticed Purgy
  2538 | Sewer    | Killed Purgy
  2538 | Sewer    | Reached XP level 5. HP: 25/35 MP: 1/8
  3152 | D:3      | Found a sacrificial altar of Ru.
  3189 | D:3      | Found a basalt altar of Yredelemnul.
  3329 | D:3      | Noticed Ijyb
  3343 | D:3      | Killed Ijyb
  3343 | D:3      | Reached XP level 6. HP: 23/42 MP: 9/9
  3863 | D:4      | Reached skill level 6 in Conjurations
  3888 | D:4      | Noticed Eustachio
  3961 | D:4      | Noticed a phantom
  3997 | D:4      | Killed a phantom
  3997 | D:4      | Reached XP level 7. HP: 12/48 MP: 1/10
  4101 | D:4      | Reached ** piety under Cheibriados
  4112 | D:4      | Found a sand-covered staircase.
  4117 | Ossuary  | Entered an ossuary
  4723 | D:4      | Learned a level 4 spell: Fulminant Prism
  4763 | D:4      | Found a shimmering altar of Xom.
  4796 | D:4      | Noticed Duvessa
  4796 | D:4      | Noticed Dowan
  4811 | D:4      | Killed Dowan
  4818 | D:4      | Killed Duvessa
  4818 | D:4      | Reached skill level 5 in Fighting
  5228 | D:4      | Killed Eustachio
  5228 | D:4      | Reached XP level 8. HP: 41/56 MP: 11/11
  5499 | D:5      | Entered Level 5 of the Dungeon
  5695 | D:5      | Found Lugyuvun's Gadget Emporium.
  5726 | D:5      | Found Xuraokk's Antique Weapon Emporium.
  5837 | D:5      | Reached skill level 5 in Dodging
  5973 | D:5      | Found a shadowy altar of Dithmenos.
  5976 | D:5      | Found Qegolecs's Jewellery Boutique.
  5984 | D:5      | Bought the amulet of Nirhus {MPRegen rC+ rN+ MR- MP+9} for 572 gold pieces
  6109 | D:5      | Reached *** piety under Cheibriados
  6268 | D:5      | Found Xisatocu's Weapon Boutique.
  6330 | D:6      | Got a crude pewter amulet
  7007 | D:6      | Reached skill level 7 in Fighting
  7073 | D:6      | Found a staircase to the Ecumenical Temple.
  7422 | D:6      | Found Eminwong's Assorted Antiques.
  7500 | D:6      | Reached XP level 9. HP: 55/64 MP: 12/12
  7521 | D:6      | Reached **** piety under Cheibriados
  7556 | D:6      | Reached skill level 1 in Invocations
  7631 | D:6      | Killed from afar by an orc priest

Vault maps used:
D:1:      dpeg_arrival_radiant
D:2:      okawaru_metal_pillars_1_2, lemuel_doored_altar, lemuel_blue_sif_altar,
          nicolae_overflow_hidden_temple
D:3:      hangedman_ru_absence, yredelemnul_altar_generic, portal_sewer_entry_e,
          first_bread, uniq_iyjb
D:4:      tgw_xom, enter_ossuary_2, serial_forest,
          infiniplex_forest_clump_double, infiniplex_forest_lined_room_2,
          infiniplex_forest_lined_1, infiniplex_forest_straight_4,
          infiniplex_forest_zigzag_1, infiniplex_forest_lined_1,
          infiniplex_forest_end_1, infiniplex_forest_clump_small,
          serial_bayou_crossing, uniq_duvessa, uniq_eustachio
D:5:      serial_shops, shop, nicolae_shop_stone,
          nicolae_shop_competitors_out_of_business,
          nicolae_shop_temple_entry_statues_fountains, grunt_dithmenos_smoke
D:6:      kennysheep_windowed_halls, temple_doors_e, serial_shops, shop,
          minmay_misc_feat_rugged
Sewer:    sewer_the_crocodile
Ossuary:  minmay_ossuary_gauntlet

Action                   |  1- 3 |  4- 6 |  7- 9 || total
-------------------------+-------+-------+-------++-------
Melee: Short sword       |    39 |       |       ||    39
       Dagger            |    23 |    62 |   121 ||   206
Throw: Javelin           |       |     5 |     1 ||     6
 Cast: Magic Dart        |     6 |    16 |    71 ||    93
       Searing Ray       |     3 |     3 |     2 ||     8
       Dazzling Spray    |       |     1 |       ||     1
       Fulminant Prism   |       |       |    10 ||    10
Evoke: Wand              |       |     5 |       ||     5
  Use: Scroll            |     9 |     1 |     8 ||    18
       Potion            |       |     2 |     2 ||     4
 Stab: Sleeping          |    12 |     7 |     4 ||    23
       Distracted        |       |       |     1 ||     1
  Eat: Chunk             |     4 |     3 |     7 ||    14
